Map: Odyssey LE

Players

Whiskydog

  • Race: Terran Terran
  • League: Silver
  • Spawn Location: 5:00

GhostKiller - Winner!

  • Race: Zerg Zerg
  • League: Master
  • Spawn Location: 11:00

VOD

Have the link to the VOD?

Description

Time

  • Played on: June 16, 2017, 6:25 p.m.
  • Length: 11:04
Show
View Real Time Build Order
Export as new Build Order

Whiskydog Terran 

Build Orders:  

Get SALT Encoding   

  12  0:01  SCV  
  13  0:13  SCV  
  14  0:17  Supply Depot  
  14  0:25  SCV  
  15  0:39  SCV  
  15  0:41  Barracks  
  16  0:47  Refinery  
  16  0:51  SCV  
  17  1:03  SCV  
  18  1:15  SCV  
  19  1:26  Refinery  
  19  1:28  Supply Depot, Orbital Command  
  19  1:36  Barracks Reactor  
  19  2:03  Command Center  
  19  2:06  SCV  
  20  2:13  Marine  
  20  2:14  Marine  
  22  2:22  SCV  
  23  2:32  Factory  
  23  2:34  SCV  
  24  2:45  Supply Depot, Marine  
  24  2:46  SCV  
  26  2:56  Marine  
  27  2:58  SCV  
  28  3:10  SCV  
  28  3:11  Marine  
  30  3:14  Marine  
  30  3:18  Orbital Command  
  31  3:22  SCV  
  32  3:30  Barracks  
  32  3:34  SCV  
  33  3:42  Factory Reactor  
  33  3:47  Starport  
  33  3:51  Engineering Bay  
  33  3:53  Engineering Bay  
  33  3:58  SCV  
  33  3:59  SCV  
  33  4:00  Marine x2  
  37  4:10  SCV  
  37  4:11  SCV  
  39  4:18  Marine  
  39  4:20  Barracks  
  39  4:23  Barracks Tech Lab  
  40  4:25  Barracks, Marine  
  41  4:36  Factory Tech Lab  
  41  4:39  Medivac x2  
  41  4:43  Stimpack  
  45  4:46  Terran Infantry Weapons Level 1  
  45  4:51  Terran Infantry Armor Level 1  
  45  4:55  Marine  
  45  4:56  Marine  
  47  5:01  Marauder  
  49  5:10  SCV x2  
  51  5:22  SCV x2  
  53  5:29  Command Center  
  53  5:34  SCV  
  54  5:38  Refinery  
  54  5:41  Refinery  
  54  5:46  Barracks Reactor  
  54  5:49  Barracks Tech Lab  
  54  5:56  Supply Depot  
  54  5:58  Supply Depot  
  54  6:00  Supply Depot x2  
  54  6:01  Marine x2, SCV x2  
  59  6:05  Marauder  
  59  6:08  Medivac  
  62  6:18  Medivac, Siege Tank, SCV  
  68  6:26  Marauder  
  70  6:33  Marine x3  
  70  6:34  Marine  
  70  6:35  Marauder  
  70  6:39  SCV  
  78  6:40  SCV  
  78  6:48  Marauder, Armory  
  78  6:51  Fusion Core, SCV  
  78  6:52  SCV  
  82  6:56  Marauder  
  84  7:04  SCV x2  
  84  7:07  Marine x4  
  90  7:09  Marine  
  90  7:14  Planetary Fortress  
  91  7:23  Supply Depot x2  
  91  7:24  Supply Depot  
  91  7:25  Supply Depot, SCV x2  
  93  7:33  Marine x3  
  93  7:34  Marine  
  93  7:35  Marauder x2  
  101  7:37  SCV x2  
  101  7:38  Medivac  
  101  7:41  Medivac  
  107  7:49  SCV  
  107  7:50  SCV  
  109  7:53  SCV  
  104  8:01  SCV  
  104  8:02  SCV  
  104  8:05  SCV  
  85  8:28  SCV x3  
  85  8:33  Marine x4  
  93  8:36  Marauder  
  93  8:37  Marauder  
  93  8:40  SCV x3  
  99  8:58  Marauder  
  99  8:59  Marauder  
  99  9:02  Barracks  
  103  9:04  Command Center  
  103  9:08  Barracks  
  103  9:11  Marine x2  
  105  9:34  Marine x4  
  105  9:36  Marauder x2  
  113  9:41  Medivac x2  
  113  9:44  Siege Tank  
  120  9:54  Factory  
  120  9:56  Starport  
  120  9:57  Marauder x2  
  56  10:37  Marine x2  
  56  10:38  Marine x2  
  56  10:39  Barracks Reactor x2, Marine x2  
Show
View Real Time Build Order
Export as new Build Order

GhostKiller Zerg - Winner!

Build Orders: Hatch First 

Get SALT Encoding   

  12  0:01  Drone  
  13  0:13  Overlord  
  13  0:18  Drone  
  14  0:31  Drone  
  14  0:32  Drone  
  16  0:37  Drone  
  17  0:55  Hatchery  
  16  0:58  Drone  
  16  1:02  Drone  
  18  1:06  Extractor  
  17  1:18  Spawning Pool  
  16  1:24  Drone x2  
  18  1:34  Drone  
  19  1:49  Overlord  
  19  1:55  Drone  
  20  2:08  Queen  
  20  2:09  Queen, Metabolic Boost  
  24  2:17  Drone x2  
  24  2:19  Drone  
  27  2:35  Overlord  
  27  2:37  Drone x3  
  30  2:57  Drone x4  
  34  3:02  Roach Warren  
  34  3:04  Overlord  
  33  3:15  Queen  
  33  3:17  Drone x3  
  38  3:25  Extractor  
  38  3:26  Drone x3  
  39  3:28  Drone  
  39  3:29  Drone  
  39  3:32  Drone  
  42  3:53  Overlord  
  42  3:55  Drone  
  42  3:56  Drone  
  42  3:58  Drone  
  42  4:00  Evolution Chamber  
  42  4:01  Drone  
  42  4:02  Drone, Evolution Chamber  
  45  4:09  Hatchery  
  44  4:13  Lair  
  44  4:15  Extractor  
  44  4:16  Drone x3  
  46  4:18  Drone  
  47  4:27  Zerg Ground Armor Level 1, Zerg Missile Weapons Level 1  
  49  4:31  Roach  
  49  4:32  Roach  
  51  4:38  Roach  
  51  4:39  Roach x2  
  57  4:51  Overlord  
  57  4:52  Overlord  
  57  4:55  Drone x3  
  60  5:00  Overlord  
  60  5:11  Glial Reconstitution  
  60  5:18  Drone x6  
  66  5:31  Overlord x2  
  66  5:32  Roach x2  
  66  5:33  Roach  
  66  5:34  Roach  
  66  5:35  Roach x4  
  82  5:40  Overlord  
  82  5:53  Roach x4  
  90  5:59  Drone, Extractor  
  90  6:01  Queen  
  92  6:04  Drone  
  92  6:05  Drone  
  92  6:06  Overlord  
  92  6:07  Roach x3  
  100  6:15  Overlord  
  100  6:16  Overlord  
  100  6:18  Drone x3  
  103  6:23  Zerg Missile Weapons Level 2, Zerg Ground Armor Level 2  
  103  6:26  Drone  
  103  6:28  Overlord  
  103  6:29  Spore Crawler  
  103  6:31  Drone x3  
  106  6:43  Pneumatized Carapace  
  106  6:50  Extractor  
  106  6:52  Extractor  
  106  6:53  Drone x3  
  108  6:54  Drone  
  108  6:56  Drone x5  
  113  7:02  Hatchery  
  113  7:05  Overlord x2  
  112  7:09  Drone  
  112  7:10  Drone x6, Roach  
  119  7:20  Drone x3  
  119  7:21  Drone x2  
  124  7:24  Infestation Pit, Burrow  
  124  7:25  Drone  
  124  7:27  Ravager  
  124  7:33  Overlord  
  124  7:34  Overlord  
  124  7:35  Roach x3  
  130  7:42  Drone x4  
  134  7:45  Spine Crawler  
  134  7:47  Roach x3  
  134  7:48  Roach  
  134  7:49  Overlord  
  134  7:50  Extractor  
  138  8:11  Roach  
  138  8:12  Roach x13  
  154  8:19  Infestor x4  
  138  8:33  Roach  
  146  8:34  Roach x3  
  146  8:43  Roach x4  
  146  8:44  Hatchery  
  146  8:45  Ravager x3  
  146  8:46  Ravager  
  146  8:47  Ravager  
  158  8:57  Hatchery  
  158  8:58  Overlord x4  
  158  8:59  Roach  
  158  9:00  Roach x6  
  171  9:06  Ravager x2  
  173  9:10  Overlord x2  
  173  9:14  Hive  
  173  9:28  Ravager  
  173  9:29  Ravager x3, Extractor x2  
  175  9:34  Ravager  
  175  9:35  Drone  
  175  9:36  Drone x3  
  175  9:37  Drone x2  
  182  9:42  Spine Crawler x3  
  182  9:43  Spore Crawler  
  178  9:46  Roach, Spore Crawler  
  178  9:47  Roach x8  
  178  9:48  Roach  
  180  10:14  Roach x11  
  196  10:29  Roach  
  196  10:30  Roach  
Tags
 
Matchup
TvZ
Replay Pack
SIII
Spawn Locations
Cross Positions
Add a new tag
Caveats
  • Supply blocks, unpowered buildings, or Contaminate may cause inaccurate times.
  • Supply counts are checked every 10 seconds.